 Dungeon Crawl Stone Soup version 0.22.0-49-gab54619674 (webtiles) character file.

62 JedernureinKreuz the Conjurer (level 4, 0/31 HPs)
             Began as a Human Conjurer on Sept 6, 2018.
             Was an Initiate of Qazlal.
             Slain by Robin
             ... wielding a +0 trident
              (3 damage)
             ... on level 3 of the Dungeon.
             The game lasted 00:35:36 (3081 turns).

JedernureinKreuz the Conjurer (Human Conjurer)      Turns: 3081, Time: 00:35:37

Health: 0/31       AC:  3    Str:  9    XL:     4   Next: 28%
Magic:  0/7        EV: 12    Int: 16    God:    Qazlal [......]
Gold:   168        SH:  0    Dex: 13    Spells: 6/7 levels left

rFire    . . .     SeeInvis +   g - +0 dagger
rCold    . . .     Gourm    .   (no shield)
rNeg     . . .     Faith    .   v - +0 robe
rPois    .         Spirit   .   (no helmet)
rElec    .         Reflect  .   (no cloak)
rCorr    .         Harm     .   h - +0 pair of gloves
MR       .....                  (no boots)
Stlth    ++........             (no amulet)
HPRegen  0.10/turn              p - ring of see invisible
MPRegen  0.10/turn              (no ring)

@: no status effects
A: no striking features
a: Renounce Religion


You were on level 3 of the Dungeon.
You worshipped Qazlal.
Qazlal was noncommittal.
You were very hungry.

You visited 1 branch of the dungeon, and saw 3 of its levels.

You collected 168 gold pieces.

Inventory:

Hand Weapons
 c - a +0 dagger
 e - a +0 club
 f - a +0 whip
 g - a +0 dagger (weapon)
Missiles
 i - 60 arrows
 j - a throwing net
 m - 20 sling bullets
 w - 13 poisoned needles (quivered)
Armour
 a - a +0 robe
 h - a +0 pair of gloves (worn)
 k - a +0 leather armour
 v - a +0 robe (worn)
 x - a +0 ring mail
Jewellery
 p - a ring of see invisible (left hand)
 y - a cursed -2 ring of intelligence {unknown}
Scrolls
 b - 4 scrolls of identify {unknown}
 n - a scroll of fear {unknown}
 o - 2 scrolls of teleportation {unknown}
 t - a scroll of blinking {unknown}
Potions
 d - a potion of curing
 q - a potion of invisibility {unknown}
 r - a potion of ambrosia {unknown}
 s - 2 potions of haste {unknown}
 z - a potion of flight {unknown}
Comestibles
 u - a ration


   Skills:
 + Level 0.5 Fighting
 + Level 0.5 Short Blades
 + Level 0.5 Armour
 + Level 2.1 Dodging
 + Level 2.6 Stealth
 + Level 2.3 Spellcasting
 + Level 4.6 Conjurations


You had 6 spell levels left.
You knew the following spells:

 Your Spells              Type           Power        Failure   Level  Hunger
a - Magic Dart            Conj           ###.         3%          1    #......

Your spell library contained the following spells:

 Spells                   Type           Power        Failure   Level  Hunger
 Searing Ray              Conj           ###...       4%          2    ###....
 Dazzling Spray           Conj/Hex       #.....       22%         3    ###....
 Iskenderun's Mystic Bla  Conj           ###.....     28%         4    #####..
 Force Lance              Conj/Tloc      #.......     58%         4    #####..
 Fulminant Prism          Conj/Hex       #.........   58%         4    #####..


Dungeon Overview and Level Annotations

Branches:
Dungeon (3/15)

Altars:
Qazlal

Annotations:
D:3 1 transporter, Robin


Message History

Robin closely misses you.
You barely miss Robin.
Robin is almost dead.
Robin completely misses you.
You hit Robin but do no damage.
Robin is almost dead.
Robin closely misses you.
Casting: Magic Dart (safe; 3% risk of failure)
Confirm with . or Enter, or press ? or * to list all spells.
Aiming: Magic Dart (safe; 3% risk of failure)
Press: ? - help, Shift-Dir - straight line, f/p - Robin
Aim: Robin, wielding a trident, wearing an animal skin and wearing a helmet The magic dart hits Robin.
Robin is almost dead.
Robin hits you with a trident!
* * * LOW HITPOINT WARNING * * *
You hit Robin but do no damage.
Robin is almost dead.
Robin hits you with a trident.
You die...

#≈≈P≈≈..#..#..#
$+≈≈≈⌠≈..+/©#©..
.#≈≈≈P≈..#..#...
P#≈≈≈≈≈≈≈#P8#.#
#############.#.
................
.....>.)....#
#....#<(#
#.)@.(#
#.....g####
....... .......
.÷....( .......
......? ....)..


You could see Robin.

Vanquished Creatures
  An adder (D:2)
  3 dart slugs
  3 giant cockroaches
  11 goblins
  8 hobgoblins
  4 jackals (D:2)
  A ball python (D:3)
  4 bats
  2 frilled lizards (D:1)
  4 kobolds
  A rat (D:1)
42 creatures vanquished.

Vanquished Creatures (others)
  A goblin (D:3)
1 creature vanquished.

Grand Total: 43 creatures vanquished

Notes
Turn   | Place    | Note
-------+----------+-------------------------------------------
     0 | D:1      | JedernureinKreuz the Human Conjurer began the quest for the
                  | Orb.
     0 | D:1      | Reached XP level 1. HP: 13/13 MP: 3/3
   479 | D:1      | Reached XP level 2. HP: 19/19 MP: 3/5
   872 | D:1      | Reached XP level 3. HP: 23/24 MP: 0/6
  2308 | D:2      | Found a stormy altar of Qazlal.
  2318 | D:2      | Became a worshipper of Qazlal Stormbringer
  2707 | D:3      | Found a transporter.
  2711 | D:3      | Noticed Robin
  2727 | D:2      | Reached XP level 4. HP: 4/31 MP: 0/7
  2875 | D:2      | HP: 1/31 [hobgoblin[Robin] (4)]
  3081 | D:3      | Slain by Robin

Action                   |  1- 3 |  4- 6 || total
-------------------------+-------+-------++-------
Melee: Dagger            |    40 |     9 ||    49
 Cast: Magic Dart        |    67 |    25 ||    92
  Use: Potion            |       |     2 ||     2
  Eat: Ration            |     2 |       ||     2
Armor: Robe              |     4 |    12 ||    16
       Leather armour    |     6 |       ||     6
Dodge: Dodged            |    40 |    34 ||    74
